 Dungeon Crawl Stone Soup version 0.24-a0-170-gd8427f5 (webtiles) character file.

Game seed: 7184406767305513425

2819 galech the Cleaver (level 9, 0/71 HPs)
             Began as a Demonspawn Fighter on Mar 11, 2019.
             Was a Believer of Okawaru.
             Slain by Menkaure (1 damage)
             ... on level 7 of the Dungeon.
             The game lasted 00:09:30 (6319 turns).

galech the Cleaver (Demonspawn Fighter)             Turns: 6319, Time: 00:09:31

Health: 0/71       AC: 16    Str: 22    XL:     9   Next: 45%
Magic:  9/9        EV:  9    Int: 10    God:    Okawaru [**....]
Gold:   319        SH: 10    Dex: 15    Spells: 8/8 levels left

rFire    + . .     SeeInvis .   G - +1 hand axe (venom)
rCold    + . .     Gourm    .   c - +0 shield
rNeg     . . .     Faith    .   z - +1 scale mail {rF+}
rPois    .         Spirit   .   B - +1 helmet
rElec    .         Reflect  .   r - +0 cloak
rCorr    .         Harm     .   h - +0 pair of gloves
MR       +....                  o - +0 pair of boots
Stlth    ..........             C - amulet of the acrobat
HPRegen  0.21/turn              e - ring of protection from magic
MPRegen  0.11/turn              A - ring of protection from cold

@: mighty, marked, hasted, very quick
A: talons 2, molten scales 1, powered by pain 1, rot immunity
a: Heroism, Renounce Religion


You were on level 7 of the Dungeon.
You worshipped Okawaru.
Okawaru was pleased with you.
You were not hungry.

You visited 2 branches of the dungeon, and saw 8 of its levels.

You collected 319 gold pieces.

Inventory:

Hand Weapons
 a - a +0 war axe
 G - a +1 hand axe of venom (weapon)
Armour
 c - a +0 shield (worn)
 h - a +0 pair of gloves (worn)
 o - a +0 pair of boots (worn)
 r - a +0 cloak (worn)
 y - a +0 chain mail
 z - a +1 scale mail of fire resistance (worn)
 B - a +1 helmet (worn)
Jewellery
 e - a ring of protection from magic (left hand)
 A - a ring of protection from cold (right hand)
 C - an amulet of the acrobat (around neck)
 F - an uncursed ring of magical power
Wands
 I - a wand of polymorph (13)
Scrolls
 g - 4 scrolls of fog
 i - 4 scrolls of remove curse
 n - a scroll of blinking
 p - 2 scrolls of immolation
 u - 7 scrolls of teleportation
 w - 3 scrolls of random uselessness
Potions
 b - a potion of mutation {unknown}
 d - 2 potions of magic {unknown}
 j - 4 potions of haste
 k - a potion of berserk rage {unknown}
 l - 2 potions of lignification {unknown}
 m - a potion of resistance {unknown}
 q - 2 potions of agility {unknown}
 s - 2 potions of ambrosia {unknown}
 t - a potion of degeneration {unknown}
 v - a potion of heal wounds {unknown}
 E - a potion of cancellation {unknown}
 H - 2 potions of curing {unknown}
Comestibles
 f - 13 rations
 D - 3 chunks of flesh


   Skills:
 + Level 6.4 Fighting
 + Level 8.2 Axes
 + Level 5.3 Armour
 + Level 2.6 Dodging
 + Level 1.0 Stealth
 + Level 5.1 Shields


You had 8 spell levels left.
You didn't know any spells.
Your spell library contained the following spells:

 Spells                   Type           Power        Failure   Level  Hunger
 Animate Skeleton         Necr           N/A          98%         1    ##.....
 Pain                     Necr           #...         98%         1    ##.....
 Regeneration             Chrm/Necr      #.........   100%        3    ####...
 Vampiric Draining        Necr           #.........   100%        3    ####...
 Animate Dead             Necr           N/A          100%        4    #####..


Dungeon Overview and Level Annotations

Branches:
Dungeon (7/15)             Temple (1/1) D:4

Altars:
Ashenzari
Cheibriados
Dithmenos
Elyvilon
Fedhas
Gozag
Hepliaklqana
Kikubaaqudgha
Makhleb
Nemelex Xobeh
Okawaru
Qazlal
Ru
Sif Muna
Trog
Uskayaw
Wu Jian
Xom
Yredelemnul
Zin
The Shining One

Shops:
D:2 *

Annotations:
D:7 Menkaure


Innate Abilities, Weirdness & Mutations

You have razor-sharp toenails.
You are partially covered in molten scales. (AC +2)
You sometimes gain a little power by taking damage.
You are immune to rotting.


Message History

Menkaure calls on the powers of darkness!
Your body is wracked with pain!
You hit Menkaure.
Menkaure is moderately damaged.
You block Menkaure's attack.
Menkaure calls on the powers of darkness!
Your body is wracked with pain!
* * * LOW HITPOINT WARNING * * *
You focus on the pain.
You feel very mighty all of a sudden.
You feel mightier all of a sudden. Menkaure hits you!
* * * LOW HITPOINT WARNING * * *
You barely miss Menkaure.
Menkaure is moderately damaged.
Menkaure points at you and mumbles some strange words.
Pain shoots through your body!
* * * LOW HITPOINT WARNING * * *
It was a potion of haste.
You feel yourself speed up. Menkaure hits you.
You die...

..####
#..........#
.....#
#.#........#
#......
#.#........#
###....
#.#........#
.# ....
#.#........#
.......
#.#........#
##.<.(.
#.#........#
. ...
#.#........#
#. ..
#@##########
#. #M# ...
.....
.......
........#
.........#
#......?..#


You could see Menkaure.

Vanquished Creatures
  Sigmund (D:2)
  A hungry ghost (D:3)
  A sky beast (D:5)
  4 ice beasts
  4 ogres
  A phantom (D:5)
  2 centaurs (D:7)
  2 bullfrogs (D:7)
  3 wights (D:6)
  A howler monkey (D:4)
  A bullfrog zombie (D:5)
  3 hounds
  A jelly (D:6)
  Crazy Yiuf (D:2)
  2 crimson imps
  9 orc priests
  A bullfrog skeleton (D:6)
  7 orc wizards
  2 iguanas
  Ijyb (D:4)
  5 worker ants
  A hound zombie (D:6)
  2 hound skeletons (D:4)
  A worker ant zombie (D:5)
  A howler monkey skeleton (D:4)
  7 adders
  2 shadow imps
  4 oozes
  7 worms
  2 dart slugs
  10 leopard geckos
  22 orcs
  5 bats
  6 giant cockroaches
  10 goblins
  8 hobgoblins
  12 jackals
  4 ball pythons
  5 frilled lizards
  4 kobolds
  4 rats
170 creatures vanquished.

Notes
Turn   | Place    | Note
-------+----------+-------------------------------------------
     0 | D:1      | galech the Demonspawn Fighter began the quest for the Orb.
     0 | D:1      | Reached XP level 1. HP: 18/18 MP: 1/1
   229 | D:1      | Gained mutation: You have sharp toenails. [demonic
                  | ancestry]
   229 | D:1      | Reached XP level 2. HP: 24/24 MP: 2/2
   439 | D:1      | Reached skill level 2 in Axes
   515 | D:1      | Gained mutation: You are partially covered in molten
                  | scales. (AC +2) [demonic ancestry]
   515 | D:1      | Reached XP level 3. HP: 26/29 MP: 3/3
   930 | D:2      | Found an opulent altar of Gozag.
   930 | D:2      | Found Gozag's Platinum Reserve.
   934 | D:2      | Noticed Sigmund
   973 | D:1      | Gained mutation: You are immune to rotting. [demonic
                  | ancestry]
   973 | D:1      | Reached XP level 4. HP: 24/35 MP: 4/4
   982 | D:2      | Killed Sigmund
   982 | D:2      | Reached skill level 3 in Axes
   982 | D:2      | Gained mutation: You have razor-sharp toenails. [demonic
                  | ancestry]
   982 | D:2      | Reached XP level 5. HP: 18/42 MP: 5/5
  1174 | D:2      | Reached skill level 4 in Axes
  1188 | D:2      | Reached XP level 6. HP: 42/48 MP: 6/6
  1279 | D:2      | Found a runed translucent door.
  1280 | D:2      | Noticed Crazy Yiuf
  1400 | D:2      | Found a snail-covered altar of Cheibriados.
  1498 | D:2      | Reached skill level 1 in Dodging
  1652 | D:2      | Killed Crazy Yiuf
  1891 | D:3      | Noticed a hungry ghost
  1892 | D:3      | Found a bloodstained altar of Trog.
  1935 | D:3      | Killed a hungry ghost
  1935 | D:3      | Reached XP level 7. HP: 32/54 MP: 7/7
  2108 | D:3      | Reached skill level 5 in Axes
  2835 | D:4      | Noticed Ijyb
  2844 | D:4      | Paralysed by Ijyb for 5 turns
  2852 | D:4      | Killed Ijyb
  2999 | D:4      | Found a staircase to the Ecumenical Temple.
  3024 | Temple   | Entered the Ecumenical Temple
  3122 | D:4      | Found a sparkling altar of Nemelex Xobeh.
  3182 | D:4      | Found a deep blue altar of Sif Muna.
  3372 | D:4      | Reached skill level 6 in Axes
  3625 | D:4      | Found an iron altar of Okawaru.
  3633 | D:4      | Became a worshipper of Warmaster Okawaru
  3775 | D:5      | Entered Level 5 of the Dungeon
  3789 | D:4      | Gained mutation: You sometimes gain a little power by
                  | taking damage. [demonic ancestry]
  3789 | D:4      | Reached XP level 8. HP: 22/61 MP: 8/8
  4310 | D:5      | Reached * piety under Okawaru
  4310 | D:5      | Reached skill level 5 in Fighting
  4333 | D:5      | Reached skill level 7 in Axes
  4471 | D:5      | Found a glowing silver altar of Zin.
  4471 | D:5      | Noticed an angel
  4597 | D:5      | Found a shimmering altar of Xom.
  4639 | D:5      | Found a white marble altar of Elyvilon.
  4683 | D:5      | Found a sacrificial altar of Ru.
  5248 | D:6      | Reached XP level 9. HP: 52/68 MP: 9/9
  5415 | D:6      | Reached skill level 1 in Stealth
  5415 | D:6      | Reached skill level 5 in Shields
  5442 | D:6      | Found a deep blue altar of Sif Muna.
  5516 | D:6      | Reached skill level 5 in Armour
  5609 | D:6      | Reached skill level 8 in Axes
  5953 | D:7      | Reached ** piety under Okawaru
  6005 | D:7      | Got a smelly leather armour
  6035 | D:7      | Identified the +1 leather armour of the Evening Star {rF-
                  | Int+5} (You found it on level 7 of the Dungeon)
  6101 | D:7      | Found a glowing golden altar of the Shining One.
  6110 | D:7      | Found a basalt altar of Yredelemnul.
  6309 | D:7      | Noticed Menkaure
  6318 | D:7      | HP: 1/71 [Menkaure/nerve-wracking pain (9)]
  6319 | D:7      | Slain by Menkaure

Levels and vault maps discovered:
D:1:      dpeg_arrival_long_road, layout_basic, minmay_pentomino_q2
D:2:      layout_rooms, nicolae_gozag_zags_fifth_avenue, first_ration,
          kennysheep_slug_shrine, uniq_crazy_yiuf_cottage, uniq_sigmund
D:3:      layout_loops_cross, cheibrodos_sewer_entry_bend,
          trog_three_pillars_becter
D:4:      layout_loops_ring, overflow_temple_1_default,
          lemuel_coloured_pillars_altar, minmay_temple_entry_gardened_gates,
          grunt_ministairs_9, lemuel_tele_altar, uniq_ijyb
D:5:      layout_rooms, grunt_temple_overflow_order_and_chaos_1,
          nicolae_ru_great_annihilating_truth, marbit_many_paths
D:6:      layout_basic, lemuel_doored_altar
D:7:      layout_rooms, grunt_temple_overflow_holy_war, grunt_livestock,
          uniq_menkaure
Temple:   cyrus_temple_forest

Skill      XL: |  1  2  3  4  5  6  7  8  9 |
---------------+----------------------------+-----
Armour         | 3 4 5 |  5.3
Axes           | 2 3 4 6 7 8 |  8.2
Shields        | 3 4 5 |  5.1
Dodging        | 1 2 |  2.6
Fighting       | 4 5 6 |  6.4
Stealth        | 1 |  1.0

Action                   |  1- 3 |  4- 6 |  7- 9 || total
-------------------------+-------+-------+-------++-------
Melee: War axe           |    92 |   141 |   478 ||   711
       Kick              |    13 |     6 |       ||    19
       Hand axe          |       |       |    17 ||    17
  Use: Potion            |     1 |       |     2 ||     3
       Scroll            |       |     4 |     2 ||     6
 Stab: Paralysed         |       |       |     2 ||     2
       Invisible         |       |       |     1 ||     1
  Eat: Chunk             |       |     6 |    15 ||    21
       Ration            |       |     3 |       ||     3
Armor: Scale mail        |    62 |    71 |   172 ||   305
       Chain mail        |       |       |    65 ||    65
Dodge: Dodged            |    36 |    40 |   150 ||   226
Block: Shield            |    50 |    73 |   217 ||   340

Table legend:
 A = Non-vault XP
 B = Vault XP
 C = Vault XP percentage of total XP
 D = Non-vault monster count
 E = Vault monster count
 F = Vault count percentage of total count
                 A         B        C        D         E       F
            +---------+---------+-------+---------+---------+-------
      Total |    3706 |     322 |   8.0 |     158 |      12 |   7.1
            +---------+---------+-------+---------+---------+-------
        D:1 |     103 |       5 |   4.6 |      33 |       2 |   5.7
        D:2 |     111 |     253 |  69.5 |      19 |       3 |  13.6
        D:3 |     522 |      10 |   1.9 |      25 |       2 |   7.4
        D:4 |     515 |      36 |   6.5 |      15 |       1 |   6.2
        D:5 |    1064 |      18 |   1.7 |      31 |       4 |  11.4
        D:6 |     686 |       0 |   0.0 |      20 |       0 |   0.0
        D:7 |     705 |       0 |   0.0 |      15 |       0 |   0.0
            +---------+---------+-------+---------+---------+-------
